 Dungeon Crawl Stone Soup version 0.16.2-12-gd0ad4c3 (webtiles) character file.

678508 faibistes the Archmage (level 27, -37/167 HPs)
             Began as a Deep Elf Wizard on June 28, 2018.
             Was the Champion of Sif Muna.
             Killed from afar by an orb of fire (109 damage)
             ... with a fireball
             ... on level 5 of the Realm of Zot on June 30, 2018.
             The game lasted 09:11:42 (144186 turns).

faibistes the Archmage (Deep Elf Wizard)          Turns: 144186, Time: 09:11:42

Health: -37/167    AC: 15    Str:  4    XL:     27
Magic:  36/54      EV: 22    Int: 37    God:    Sif Muna [******]
Gold:   6699       SH:  0    Dex: 13    Spells: 11 memorised, 8 levels left

rFire  . . .     SeeInvis +     w - staff of wizardry
rCold  . . .     Clarity  .     y - +2 robe {Archmagi}
rNeg   . . .     SustAb   .     (no shield)
rPois  .         Gourm    +     o - +2 helmet {SInv}
rElec  .         Spirit   .     T - +2 cloak {MR+}
rCorr  .         Warding  .     Y - +2 pair of gloves
rMut   .         Stasis   .     v - +2 pair of boots {run}
MR     +++..                    r - amulet of the gourmand
Stlth  ++........               N - +5 ring of evasion
                                C - ring of magical power

@: deflect missiles, quick, extremely resistant to hostile enchantments,
unstealthy
A: deformed body
a: Channel Energy, Forget Spell, Renounce Religion
}: 3/15 runes: barnacled, silver, gossamer


You were on level 5 of the Realm of Zot.
You worshipped Sif Muna.
Sif Muna was exalted by your worship.
You were not hungry.

You visited 11 branches of the dungeon, and saw 57 of its levels.

You collected 9728 gold pieces.
You spent 3029 gold pieces at shops.

Inventory:

Armour
 o - a +2 helmet of see invisible (worn)
 v - a +2 pair of boots of running (worn)
 y - a +2 robe of the Archmagi (worn)
 T - a +2 cloak of magic resistance (worn)
 Y - a +2 pair of gloves (worn)
Magical staves
 h - an uncursed staff of power
 w - an uncursed staff of wizardry (weapon)
 H - an uncursed staff of air
Jewellery
 c - an uncursed ring of protection from magic
 j - an uncursed ring of protection from cold
 r - an amulet of the gourmand (around neck)
 C - a ring of magical power (left hand)
 L - an uncursed amulet of resist mutation
 M - the macabre finger necklace {Ward rN+}
   (You found it on level 5 of the Vaults)

   [amulet of warding]

   It may prevent the melee attacks of summoned creatures.
   It protects you from negative energy.
 N - a +5 ring of evasion (right hand)
 W - an uncursed amulet of resist corrosion
Magical devices
 a - a wand of fire (7)
 i - a wand of hasting (1)
 k - a wand of digging (10)
 l - a wand of heal wounds (4)
 n - a wand of lightning (9)
 u - a wand of paralysis (7)
 D - a wand of hasting (2)
 P - a wand of invisibility (0)
 S - a wand of cold (7)
Scrolls
 e - 7 scrolls of fear
 m - 13 scrolls of magic mapping
 p - 17 scrolls of identify
 s - 20 scrolls of remove curse
 t - 6 scrolls of blinking
 F - 2 scrolls of enchant armour
 J - 13 scrolls of teleportation
 O - 8 scrolls of immolation
 Q - 14 scrolls of recharging
 R - 6 scrolls of holy word
 Z - 5 scrolls of fog
Potions
 f - 6 potions of heal wounds
 x - a potion of resistance
 z - 11 potions of brilliance
 A - 3 potions of cure mutation
 B - 9 potions of restore abilities
 E - 8 potions of magic
 G - 13 potions of curing
 I - a potion of haste
 K - 6 potions of flight
 V - 5 potions of cancellation
 X - 8 potions of ambrosia
Miscellaneous
 q - a phial of floods
Comestibles
 b - 32 meat rations
 d - 16 bread rations


   Skills:
 + Level 15.6 Fighting
 - Level 10.0 Dodging
 - Level 2.4 Stealth
 O Level 27 Spellcasting
 * Level 23.0 Conjurations
 - Level 12.1 Charms
   Level 3.0 Summonings
 + Level 9.4 Necromancy
 - Level 12.6 Translocations
   Level 3.0 Transmutations
 + Level 21.6 Fire Magic
 * Level 14.0 Ice Magic
 - Level 2.4 Air Magic
 + Level 21.7 Earth Magic
   Level 2.1 Poison Magic
 - Level 10.0 Invocations
 - Level 9.0 Evocations


You had 8 spell levels left.
You knew the following spells:

 Your Spells              Type           Power        Failure   Level  Hunger
a - Lehudib's Crystal Sp  Conj/Erth      ########..   1%          8    None
b - Ring of Flames        Chrm/Fire      ########..   1%          7    None
c - Glaciate              Conj/Ice       ########..   7%          9    #......
d - Controlled Blink      Tloc           N/A          1%          7    None
e - Fire Storm            Conj/Fire      ########..   2%          9    #......
f - Deflect Missiles      Chrm/Air       ########..   1%          6    None
g - Animate Skeleton      Necr           N/A          0%          1    None
h - Haste                 Chrm           ########     1%          6    None
m - Shatter               Erth           ########..   3%          9    #......
v - Bolt of Fire          Conj/Fire      ########..   0%          6    None
x - Force Lance           Conj/Tloc      ########     0%          4    None


Dungeon Overview and Level Annotations

Branches:
Dungeon (15/15)            Temple (1/1) D:4            Lair (8/8) D:10
 Shoals (5/5) Lair:3       Spider (5/5) Lair:4        Slime (0/6) Lair:8
    Orc (4/4) D:9             Elf (3/3) Orc:4        Vaults (5/5) D:13
  Crypt (0/3) Vaults:3     Depths (5/5) D:15           Hell (1/1)
    Dis (0/7) Hell            Geh (0/7) Hell            Coc (0/7) Hell
    Tar (0/7) Hell            Zot (5/5) Depths:5

Altars:
Ashenzari
Cheibriados
Dithmenos
Elyvilon
Fedhas
Gozag
Kikubaaqudgha
Makhleb
Nemelex Xobeh
Okawaru
Qazlal
Ru
Sif Muna
Trog
Vehumet
Xom
Yredelemnul
Zin
The Shining One
Beogh

Shops:
D:4 [   D:5 !   Orc:3 :   Orc:4 [:*(   Shoals:2 }   Shoals:4 ?   Shoals:5 :
Vaults:2 *

Portals:
Hell: Depths:1 Depths:2 Depths:3 Depths:4 Depths:5
Abyss: Depths:2 Depths:4 Depths:5
Pandemonium: Depths:3
Ziggurat: Depths:5

Annotations:
Lair:7 exclusion: oklob plant


Innate Abilities, Weirdness & Mutations

Armour fits poorly on your strangely shaped body.


Message History

The orb of fire glows red.
The fireball explodes!
The fireball engulfs you!
You hear a sizzling sound! x3
Casting: Glaciate
Confirm with . or Enter, or press ? or * to list all spells.
Aiming: Glaciate
Press: ? - help, Shift-Dir - straight line, f/p - orb of fire
Aim: an orb of fire (freezing vapour, moderately damaged, encased in ice)
You feel a surge of power!
You conjure a mighty blast of ice!
The great icy blast engulfs the orb of fire.
The orb of fire partially resists.
The orb of fire is severely damaged.
The orb of fire is engulfed in freezing vapours.
The orb of fire emits a lurid red light.
The fireball explodes!
The fireball engulfs you!
You hear a sizzling sound! x3
The orb of fire glows bright magenta.
The fireball explodes!
The fireball engulfs you!
Ouch! That really hurt!
You die...

▓▓▓▓...,,,,,,,,,,,,**
##▓...§§§...,,,,,,,,,,**
##...§§§§§§§..,,,,,,,,,,* ▓▓▓▓▓▓▓
#..§§§§§*§§§§§.,,,,,,,,,,
......▓▓▓...§§§§§§§§§...,,,,,,,,,
.......▓▓....§§§§§§§.)..,,,,,,,,*
........▓.....§§§§§.....,,,,,,,**
..0.....................q,,,,,**
........▓.......@........,,,,,,**
.......▓▓................,,,,,,,*
......▓▓▓.......^...%....,,,,,,,,
▓▓▓▓▓▓▓ ▓...............,,,,,,,,,
▓▓..............,,,,,,,,*
▓▓▓............,,,,,,,**
▓▓▓▓........,,,,,****
▓▓▓▓▓▓▓▓*******


You could see an orb of fire and a black draconian caller.

Vanquished Creatures
  9 orbs of fire
  5 ancient liches
  The ghost of faibistes the Sorcerer, an awesomely powerful DEWz of Sif Muna (Vaults:5)
  2 Killer Klowns (Zot:5)
  2 curse toes
  Geryon (Hell)
  12 golden dragons
  the Enchantress (Depths:4)
  4 bone dragons
  7 liches
  Arachne (Spider:5)
  4 electric golems
  20 tentacled monstrosities
  4 deep elf blademasters (Elf:3)
  6 titans
  3 deep elf master archers (Elf:3)
  19 Orb Guardians (Zot:5)
  2 krakens
  An octopode crusher (Shoals:2)
  3 quicksilver dragons
  4 sphinxes
  Agnes (Spider:3)
  7 shadow dragons
  The ghost of faibistes the Eclecticist, a mighty DEWz of Sif Muna (Shoals:2)
  16 storm dragons
  Roxanne (D:14)
  5 draconian monks
  Ilsuiw (Shoals:5)
  12 fire giants
  7 tengu reavers
  Wiglaf (Shoals:4)
  9 draconian scorchers
  A balrug (Hell)
  7 ghost moths
  3 orc warlords
  An iron dragon (Vaults:5)
  14 frost giants
  3 draconian knights
  4 draconian zealots
  11 deep elf sorcerers
  7 emperor scorpions
  20 vault wardens
  18 ironheart preservers
  17 stone giants
  5 reapers (Hell)
  4 spriggan defenders
  6 draconian annihilators
  3 draconian shifters
  13 very ugly things
  5 war gargoyles
  2 draconian callers
  2 salamander firebrands (Hell)
  9 green draconians
  13 grey draconians
  9 deep elf demonologists
  4 white draconians
  The ghost of faibistes the Eclecticist, a powerful DEWz of Sif Muna (Lair:8)
  6 black draconians
  5 purple draconians
  A vampire knight (Depths:2)
  10 mottled draconians
  11 deep elf annihilators
  3 dire elephants
  7 pale draconians
  9 red draconians
  7 yellow draconians
  An ettin (shapeshifter) (Vaults:5)
  4 merfolk javelineers (Shoals:5)
  10 deep elf death magi
  4 minotaurs
  14 ettins
  A blizzard demon (Hell)
  5 merfolk impalers
  29 vault guards
  22 fire dragons
  2 hydras (Lair:7)
  A green death (Vaults:5)
  14 deep elf high priests
  5 great orbs of eyes
  11 death cobs
  A kraken zombie (Hell)
  3 rakshasas
  21 yaktaur captains
  27 ice dragons
  The ghost of faibistes the Thaumaturge, a powerful DEWz of Sif Muna (Lair:3)
  6 spriggan air magi
  12 centaur warriors
  Erica (Orc:3)
  8 merfolk aquamancers
  3 alligator snapping turtles
  3 merfolk avatars
  13 dancing weapons
  5 deep troll earth magi
  A death knight (Vaults:3)
  13 ogre magi
  3 tengu warriors
  A satyr (Shoals:5)
  4 deep troll shamans
  18 death yaks
  A vampire mage (Vaults:3)
  2 hell beasts (Hell)
  7 spriggan berserkers
  2 orc high priests (Orc:4)
  Urug (Orc:4)
  A titan skeleton (Vaults:4)
  7 hell knights
  36 deep elf knights
  5 skeletal warriors (Vaults:2)
  4 wizards
  A hell hog (Hell)
  7 sun demons
  4 fire crabs
  Erolcha (Orc:3)
  2 flayed ghosts
  5 ice devils
  3 shadow wraiths
  4 soul eaters (Hell)
  5 sea snakes
  A death drake (shapeshifter) (Depths:3)
  15 deep elf summoners
  A spriggan druid (Depths:2)
  An iron troll (Depths:4)
  30 deep trolls
  13 unseen horrors
  An ice statue (Zot:3)
  An anaconda zombie (Hell)
  4 giant orange brains
  Pikel (D:4)
  A shadow dragon zombie (Hell)
  26 harpies
  A harpy (shapeshifter) (Elf:1)
  24 deep elf conjurers
  3 large abominations (Depths:2)
  A salamander (shapeshifter) (Elf:3)
  An orb spider (shapeshifter) (Depths:2)
  19 ironbrand convokers
  5 orc sorcerers
  A shining eye (shapeshifter) (Vaults:5)
  28 wolf spiders
  15 orc knights
  13 orb spiders
  8 cyclopes
  4 fauns
  7 necromancers
  2 phantasmal warriors
  A stone giant zombie (Vaults:4)
  A shadow dragon skeleton (Vaults:4)
  13 griffons
  26 slime creatures
  The ghost of Tiareth the Insei, an experienced HEMo of Cheibriados (D:7)
  An oklob plant (Zot:3)
  A draconian (shapeshifter) (Vaults:5)
  11 hill giants
  A wolf spider (shapeshifter) (Vaults:5)
  12 hornets
  7 water nymphs
  13 elephants
  2 black mambas (shapeshifter)
  9 manticores
  57 ugly things
  8 vault sentinels
  3 black mambas
  30 moths of wrath
  A frost giant skeleton (Hell)
  10 sirens
  2 guardian serpents (shapeshifter)
  A sixfirhy (Elf:3)
  A smoke demon (Hell)
  2 rust devils
  5 torpor snails
  An orange crystal statue (Zot:3)
  12 spiny frogs
  Psyche (D:9)
  A death yak zombie (Lair:3)
  A molten gargoyle (Hell)
  6 komodo dragons
  3 kobold demonologists
  A hellion (Hell)
  A redback zombie (Spider:2)
  2 efreet (D:15)
  2 komodo dragons (shapeshifter)
  75 yaktaurs
  17 deep elf priests
  A white draconian skeleton (Zot:3)
  3 tengu conjurers
  2 burning bushes (Zot:3)
  A green draconian skeleton (Zot:3)
  A guardian mummy (Zot:4)
  9 red devils
  A yaktaur skeleton (Vaults:2)
  26 two-headed ogres
  6 demonic crawlers
  A hydra zombie (Lair:7)
  A baby alligator (shapeshifter) (Vaults:5)
  5 polar bears
  8 freezing wraiths
  A human (shapeshifter) (Vaults:1)
  A jumping spider (shapeshifter) (Depths:2)
  29 merfolk
  A blue devil (Depths:1)
  A shadow dragon simulacrum (Vaults:3)
  11 fire drakes
  21 jumping spiders
  5 wind drakes
  5 trolls
  8 boulder beetles
  A snapping turtle (shapeshifter) (Vaults:5)
  5 ravens (Depths:1)
  6 fire vortices
  2 raiju
  A raven (shapeshifter) (Depths:3)
  2 alligator zombies (Hell)
  12 snapping turtles
  3 hydra skeletons (Hell)
  A tarantella zombie (Spider:2)
  10 blink frogs
  3 fire dragon zombies
  7 air elementals (Depths:2)
  A spriggan (shapeshifter) (Depths:2)
  A trapdoor spider (shapeshifter) (D:12)
  4 wraiths
  4 basilisks
  3 hungry ghosts
  32 tarantellas
  26 trapdoor spiders
  2 shadows
  A basilisk (shapeshifter) (Vaults:4)
  37 deep elf magi
  3 vampires
  21 spriggans
  2 tarantellas (shapeshifter)
  7 wyverns
  45 redbacks
  22 water elementals
  7 fire elementals
  55 yaks
  4 chaos spawn (Depths:2)
  4 steam dragons (Lair:8)
  Eustachio (D:7)
  16 hippogriffs
  25 vampire mosquitoes
  Grum (Orc:4)
  54 deep elf fighters
  2 human zombies (Hell)
  A warg (shapeshifter) (Depths:1)
  Menkaure (D:7)
  12 wolves
  4 small abominations (Depths:2)
  An ogre zombie (Vaults:2)
  12 water moccasins
  A hydra simulacrum (Hell)
  5 mottled dragons
  46 orc warriors
  An orb spider zombie (Spider:4)
  4 sky beasts
  8 wargs
  4 spiny frog zombies
  A merfolk skeleton (Shoals:2)
  9 hell hounds
  32 spiders
  11 ice beasts
  3 elf zombies
  11 black bears
  A manticore zombie (Lair:3)
  67 ogres
  2 swamp drakes (Lair:8)
  5 orc zombies
  A phantom (D:5)
  8 porcupines
  10 wasps
  An ettin simulacrum (Vaults:2)
  2 blink frog zombies (Lair:1)
  15 boggarts
  3 elephant zombies
  2 boring beetles (shapeshifter)
  A blink frog skeleton (Lair:1)
  3 boring beetles
  A giant frog (shapeshifter) (Depths:2)
  17 crocodiles
  Sigmund (D:4)
  39 centaurs
  19 giant frogs
  3 big kobolds
  A brain worm (D:15)
  2 yaktaur zombies (Vaults:3)
  A big kobold (shapeshifter) (Vaults:5)
  A komodo dragon zombie (Lair:4)
  Blork the orc (Orc:4)
  A hell hound zombie (Lair:7)
  A wyvern zombie (D:14)
  A glowing shapeshifter simulacrum (Vaults:2)
  A spiny frog simulacrum (Hell)
  4 water moccasin zombies
  A hell hound skeleton (Hell)
  4 yak zombies (Lair:1)
  A hippogriff zombie (Lair:3)
  10 scorpions
  A spriggan zombie (Depths:2)
  2 oklob saplings (Zot:3)
  A spriggan skeleton (Depths:4)
  2 goliath beetles
  5 killer bees (D:11)
  A wight (D:7)
  A wolf skeleton (Lair:8)
  A giant frog zombie (D:6)
  2 jellies
  14 crimson imps
  3 centaur zombies
  2 black bear zombies (Lair:8)
  6 centaur skeletons
  10 hell rats
  19 hounds
  34 orc priests
  5 giant frog skeletons
  16 iguanas
  3 quasits
  An elf skeleton (D:10)
  12 worker ants
  47 orc wizards
  4 lightning spires (Zot:3)
  A porcupine skeleton (Lair:1)
  11 sheep
  A killer bee zombie (D:11)
  Jessica (D:2)
  A dwarf skeleton (Depths:5)
  3 hound skeletons
  Terence (D:3)
  2 worker ant zombies
  26 adders
  8 gnolls
  14 river rats
  2 shadow imps
  5 worms
  An adder zombie (D:6)
  A sheep zombie (Lair:6)
  3 giant geckos
  215 orcs
  4 ball pythons
  A bat skeleton (D:8)
  19 goblins
  14 hobgoblins
  13 jackals
  26 kobolds
  10 quokkas
  22 bats
  3 giant cockroaches
  6 giant newts
  A giant spore (D:11)
  A quokka skeleton (Lair:5)
  22 rats
  11 ballistomycetes
  10 fungi
  2 plants
  9 tentacles
  A tentacle segment (Shoals:5)
2989 creatures vanquished.

Vanquished Creatures (collateral kills)
  2 golden dragons
  A tentacled monstrosity (Depths:4)
  2 Orb Guardians (Zot:5)
  A lich (Depths:4)
  A kraken (Shoals:5)
  A shadow dragon (Zot:5)
  A deep elf sorcerer (Elf:3)
  A balrug (Depths:5)
  2 draconian scorchers
  A ghost moth (Spider:5)
  An ironheart preserver (Vaults:4)
  A spriggan defender (Depths:3)
  2 very ugly things
  A green draconian (Zot:4)
  A purple draconian (Zot:5)
  A red draconian (Zot:3)
  A white draconian (Zot:2)
  Snorg (Lair:4)
  A deep elf death mage (Elf:3)
  3 fire dragons
  3 vault guards
  3 merfolk impalers
  2 yaktaur captains
  2 rakshasas
  A great orb of eyes (Lair:7)
  3 hydras (Lair:7)
  2 ice dragons
  A merfolk avatar (Shoals:5)
  3 merfolk aquamancers (Shoals:5)
  5 ogre magi
  A tengu warrior (Depths:2)
  9 death yaks
  3 dancing weapons (Elf:2)
  Nergalle (Lair:4)
  A spriggan rider (Depths:3)
  2 sun demons (Depths:5)
  A hell knight (Depths:3)
  A ball lightning (Zot:5)
  A deep troll (Depths:4)
  A spriggan druid (Depths:2)
  6 sea snakes
  A flayed ghost (Vaults:4)
  A tengu zombie (Vaults:4)
  A hill giant (D:14)
  4 orc knights
  An orb spider (Spider:2)
  5 harpies
  A deep elf conjurer (Elf:2)
  7 manticores
  4 griffons
  2 ironbrand convokers
  5 wolf spiders
  A wizard (Depths:3)
  13 ugly things
  A cyclops (Vaults:2)
  8 elephants
  A hornet (Vaults:2)
  3 sirens
  5 vault sentinels
  A rust devil (Depths:3)
  3 orange demons
  4 black mambas
  5 spiny frogs
  2 trolls
  A merfolk zombie (Shoals:5)
  7 komodo dragons
  8 yaktaurs
  2 fire drakes
  A demonic crawler (Spider:4)
  8 merfolk
  5 jumping spiders
  A blue devil (Elf:3)
  A deep elf priest (Vaults:4)
  A tengu conjurer (Depths:2)
  4 polar bears
  2 snapping turtles
  3 slime creatures
  4 two-headed ogres
  5 blink frogs (Lair:1)
  7 redbacks
  An air elemental (Depths:2)
  A raiju (Lair:7)
  3 ravens
  A basilisk (Lair:3)
  A shadow (D:13)
  4 trapdoor spiders
  8 spriggans
  3 tarantellas
  11 water elementals (Shoals:5)
  26 yaks
  12 hippogriffs
  A steam dragon (Lair:8)
  A mottled dragon (D:14)
  2 deep elf fighters
  5 vampire mosquitoes
  6 wargs
  5 wolves
  A soldier ant (D:14)
  A hippogriff (shapeshifter) (Depths:1)
  3 hell hounds (Lair:7)
  3 porcupines
  2 ice beasts
  12 ogres
  11 water moccasins
  7 orc warriors
  5 boggarts (Depths:3)
  An eye of draining (D:13)
  5 black bears
  A sky beast (D:13)
  7 spiders
  5 centaurs
  An alligator simulacrum (Hell)
  3 boring beetles
  6 giant frogs
  A gnoll sergeant (D:13)
  8 crocodiles
  A wyvern zombie (D:15)
  An oklob sapling (Zot:3)
  An electric eel (Lair:4)
  2 crimson imps
  2 hounds
  3 orc priests
  2 worker ants
  5 iguanas
  7 sheep
  6 gnolls (D:13)
  6 adders
  14 river rats
  A white imp (Vaults:2)
  15 orcs
  A goblin (D:1)
  4 quokkas
  A jackal (D:1)
  5 ballistomycetes (D:10)
  A bush (Depths:2)
  A butterfly (Lair:6)
  6 fungi
  11 plants
  A tentacle (Shoals:5)
488 creatures vanquished.

Vanquished Creatures (others)
  A tengu reaver (Vaults:1)
  2 storm dragons
  A draconian annihilator (Zot:5)
  3 very ugly thing zombies
  A very ugly thing skeleton (Depths:5)
  A golden dragon zombie (Depths:4)
  A sphinx zombie (Depths:1)
  3 wolf spider zombies
  22 ugly thing zombies
  3 fire giant zombies
  2 stone giant zombies
  4 frost giant zombies
  A draconian zombie (Depths:5)
  A manticore (Shoals:2)
  3 moths of wrath (Zot:5)
  A draconian skeleton (Zot:3)
  2 spriggan skeletons (Depths:4)
  22 yaktaur zombies
  An iron troll zombie (Depths:4)
  2 sea snake zombies
  8 death yak zombies
  2 emperor scorpion zombies
  5 dryads
  A redback zombie (Spider:5)
  2 merfolk skeletons (Shoals:5)
  4 harpy zombies
  A minotaur zombie (Depths:3)
  2 black mamba zombies
  A hydra zombie (Lair:7)
  Grinder (D:4)
  2 griffon zombies
  2 hornet zombies
  3 tarantella zombies
  214 fire vortices
  3 fire dragon zombies
  An ice dragon zombie (Depths:4)
  4 ettin zombies
  3 jumping spider zombies
  A trapdoor spider zombie (Spider:5)
  3 hill giant zombies
  A slave (D:4)
  23 elf zombies
  2 raven zombies (Depths:2)
  A water nymph zombie (Shoals:5)
  3 orb spider zombies
  A faun zombie (Shoals:2)
  2 tengu zombies (D:14)
  11 deep troll zombies
  3 spiny frog zombies
  2 human skeletons (Depths:3)
  An ogre skeleton (Depths:4)
  2 orc warriors
  4 snapping turtle zombies
  8 elephant zombies
  16 human zombies
  3 manticore zombies
  13 merfolk zombies
  An elephant skeleton (Lair:4)
  A manticore skeleton (Shoals:5)
  4 torpor snail zombies
  2 fire drake zombies (Lair:8)
  A snapping turtle skeleton (Shoals:5)
  11 vampire mosquito zombies
  A fire crab zombie (Vaults:1)
  2 komodo dragon zombies
  3 spider zombies
  A wyvern zombie (Lair:6)
  2 yaktaur skeletons
  5 hell hound zombies (Depths:3)
  3 cyclops zombies
  6 water moccasin zombies
  A scorpion (D:4)
  10 yak zombies
  A boulder beetle zombie (Spider:5)
  7 polar bear zombies
  13 spriggan zombies
  2 hippogriff zombies (Lair:7)
  2 raiju zombies
  A wolf zombie (Lair:8)
  2 elf skeletons
  A black bear zombie (Lair:8)
  A boring beetle zombie (Lair:7)
  6 two-headed ogre zombies
  11 centaur zombies
  An iron imp (Lair:8)
  4 crimson imps
  A black bear skeleton (Lair:8)
  2 centaur skeletons (Depths:3)
  3 wasp zombies (Depths:2)
  A brain worm zombie (D:15)
  A crocodile zombie (Lair:7)
  19 ogre zombies
  3 mottled dragon zombies
  A crocodile skeleton (D:10)
  4 dwarf skeletons (Depths:5)
  A hound skeleton (D:12)
  A worker ant zombie (D:14)
  2 adders (D:4)
  A swamp drake zombie (Lair:8)
  A river rat skeleton (Lair:8)
  5 shadow imps
  10 white imps
  A sheep zombie (Lair:6)
  27 orc zombies
  An adder skeleton (Lair:7)
  An orc skeleton (D:13)
  3 iguana skeletons
  A giant gecko (D:4)
  3 bats (D:4)
  A gnoll zombie (D:13)
  A kobold (D:4)
  9 river rat zombies
  4 giant spores
  2 kobold zombies
  A quokka skeleton (Lair:1)
  2 rats
  3 ballistomycetes
  2 blocks of ice
  73 bushes
  92 fungi
  92 plants
  A snaplasher vine (D:12)
  437 snaplasher vine segments
  14 tentacles
  535 tentacle segments
1904 creatures vanquished.

Grand Total: 5381 creatures vanquished

Notes
Turn   | Place    | Note
--------------------------------------------------------------
     0 | D:1      | faibistes, the Deep Elf Wizard, began the quest for the Orb.
     0 | D:1      | Reached XP level 1. HP: 10/10 MP: 6/6
   440 | D:1      | Reached XP level 2. HP: 15/15 MP: 5/10
   452 | D:1      | Learned a level 2 spell: Blink
   455 | D:1      | Learned a level 2 spell: Call Imp
   796 | D:2      | Reached skill level 5 in Spellcasting
  1108 | D:1      | Reached XP level 3. HP: 19/19 MP: 10/14
  1113 | D:1      | Learned a level 3 spell: Conjure Flame
  1117 | D:1      | Learned a level 3 spell: Mephitic Cloud
  1668 | D:2      | Noticed Jessica
  1673 | D:2      | Killed Jessica
  1673 | D:2      | Reached XP level 4. HP: 24/24 MP: 10/17
  1678 | D:2      | Learned a level 2 spell: Repel Missiles
  2484 | D:3      | Reached skill level 6 in Spellcasting
  2629 | D:3      | Reached XP level 5. HP: 21/28 MP: 13/20
  2818 | D:5      | Entered Level 5 of the Dungeon
  2827 | D:6      | Noticed a centaur
  2839 | D:6      | Killed a centaur
  2839 | D:6      | Reached skill level 7 in Spellcasting
  2839 | D:6      | Reached XP level 6. HP: 28/32 MP: 13/23
  3242 | D:4      | Noticed an ogre
  3243 | D:4      | Noticed an ogre
  3245 | D:4      | Noticed a slave
  3247 | D:4      | Noticed Pikel
  3251 | D:4      | Noticed a slave
  3253 | D:4      | Noticed a slave
  3254 | D:4      | Killed an ogre
  3260 | D:4      | Noticed a slave
  3278 | D:4      | Killed an ogre
  3286 | D:4      | Killed Pikel
  3286 | D:4      | Reached skill level 5 in Dodging
  3286 | D:4      | Reached skill level 8 in Spellcasting
  3286 | D:4      | Reached XP level 7. HP: 36/36 MP: 5/26
  3489 | D:3      | Noticed Terence
  3497 | D:3      | Noticed a scorpion
  3498 | D:3      | Killed Terence
  3504 | D:3      | Killed a scorpion
  3504 | D:3      | Reached skill level 1 in Fighting
  3504 | D:3      | Reached skill level 9 in Spellcasting
  4106 | D:4      | Reached XP level 8. HP: 43/43 MP: 16/28
  4254 | D:4      | Killed Grinder
  4279 | D:4      | Killed a freed slave
  4390 | D:4      | Noticed Sigmund
  4399 | D:4      | Killed Sigmund
  4509 | D:4      | Found Brodog's Antique Armour Shoppe.
  4513 | D:4      | Bought a shiny helmet for 94 gold pieces
  4632 | D:4      | Found a staircase to the Ecumenical Temple.
  4692 | D:4      | Noticed an ogre
  4697 | D:4      | Killed an ogre
  4921 | D:4      | Found a burning altar of Makhleb.
  5052 | D:5      | Found Phasobb's Distillery.
  5330 | D:5      | Reached skill level 10 in Spellcasting
  5813 | Temple   | Entered the Ecumenical Temple
  6362 | D:5      | Bought a potion of curing for 39 gold pieces
  6362 | D:5      | Bought a potion of curing for 39 gold pieces
  6471 | D:5      | Noticed a phantom
  6482 | D:5      | Killed a phantom
  6904 | D:6      | Found a basalt altar of Yredelemnul.
  7156 | D:7      | Found a sparkling altar of Nemelex Xobeh.
  7157 | D:7      | Found an opulent altar of Gozag.
  7319 | D:6      | Found an ancient bone altar of Kikubaaqudgha.
  7575 | D:7      | Reached XP level 9. HP: 34/52 MP: 19/30
  8148 | D:9      | Reached skill level 11 in Spellcasting
  8348 | D:7      | Noticed Tiareth's ghost (experienced HEMo)
  8353 | D:7      | Killed Tiareth's ghost
  8353 | D:7      | Reached skill level 5 in Fighting
  8451 | D:7      | Noticed Menkaure
  8473 | D:7      | Killed Menkaure
  8904 | D:7      | Reached skill level 12 in Spellcasting
  9039 | D:7      | Noticed Eustachio
  9057 | D:7      | Killed Eustachio
  9802 | D:8      | Reached XP level 10. HP: 60/60 MP: 20/33
 10540 | D:9      | Reached skill level 13 in Spellcasting
 10807 | D:10     | Entered Level 10 of the Dungeon
 11133 | D:9      | Noticed Psyche
 11158 | D:9      | Killed Psyche
 11317 | D:9      | Found a deep blue altar of Sif Muna.
 11326 | D:9      | Became a worshipper of Sif Muna the Loreminder
 11474 | D:9      | Found a roughly hewn altar of Beogh.
 11603 | D:9      | Reached skill level 1 in Air Magic
 11678 | D:9      | Found a staircase to the Orcish Mines.
 11805 | D:9      | Reached skill level 1 in Fire Magic
 11972 | D:9      | Reached skill level 1 in Poison Magic
 12217 | D:10     | Noticed a hill giant
 12229 | D:10     | Killed a hill giant
 12229 | D:10     | Acquired Sif Muna's first power
 12281 | D:10     | Learned a level 4 spell: Animate Dead
 12406 | D:10     | Reached XP level 11. HP: 60/67 MP: 20/35
 12464 | D:11     | Found a frozen archway.
 12647 | D:11     | Reached skill level 1 in Necromancy
 12816 | D:10     | Reached skill level 5 in Conjurations
 12867 | D:10     | Noticed an unseen horror
 13020 | D:10     | Noticed a tengu warrior
 13021 | D:10     | Acquired Sif Muna's second power
 13435 | D:10     | Reached skill level 1 in Charms
 13564 | D:10     | Killed an unseen horror
 13564 | D:10     | Reached skill level 14 in Spellcasting
 13564 | D:10     | Reached skill level 1 in Evocations
 13735 | D:10     | Found a large runed door.
 13736 | D:10     | Found a large runed door.
 13959 | D:10     | Reached skill level 1 in Invocations
 14011 | D:10     | Found a staircase to the Lair.
 14064 | D:10     | Noticed an unseen horror
 14080 | D:10     | Killed an unseen horror
 14412 | D:10     | Killed a tengu warrior
 14639 | D:10     | Noticed a sphinx
 14644 | D:10     | Found a white marble altar of Elyvilon.
 14648 | D:10     | Noticed a deep elf knight
 14722 | D:10     | Killed a deep elf knight
 14880 | D:10     | Killed a sphinx
 14941 | D:10     | Found a bloodstained altar of Trog.
 14966 | Lair:1   | Entered Level 1 of the Lair of Beasts
 15077 | D:10     | Reached skill level 5 in Translocations
 15479 | Lair:1   | Reached XP level 12. HP: 72/72 MP: 33/36
 15748 | Lair:1   | Reached skill level 5 in Fire Magic
 15818 | Lair:1   | Got a pair of steaming boots
 15839 | Lair:1   | Identified the +1 pair of boots of the Lion {rC+} (You found it on level 1 of the Lair of Beasts)
 16568 | Lair:1   | Reached skill level 10 in Dodging
 16772 | Lair:1   | Acquired Sif Muna's third power
 18320 | Lair:2   | Reached skill level 5 in Invocations
 18932 | Lair:4   | Reached skill level 5 in Charms
 19219 | Lair:3   | Noticed faibistes' ghost (powerful DEWz)
 19315 | Lair:3   | Killed faibistes' ghost
 19761 | Lair:3   | Reached skill level 15 in Spellcasting
 19776 | Lair:3   | Reached XP level 13. HP: 78/78 MP: 15/37
 19947 | Lair:3   | Found a staircase to the Shoals.
 19961 | Lair:4   | Found a hole to the Spider Nest.
 21056 | Lair:3   | Reached skill level 5 in Evocations
 22025 | Lair:4   | Noticed Snorg
 22041 | Lair:4   | Killed Snorg
 22923 | Lair:4   | Noticed Nergalle
 23434 | Lair:4   | Killed Nergalle
 25410 | Lair:8   | Entered Level 8 of the Lair of Beasts
 26239 | Lair:7   | Received a gift from Sif Muna
 26599 | Lair:7   | Learned a level 3 spell: Regeneration
 27046 | Lair:6   | Found a staircase to the Shoals.
 30046 | Lair:8   | Reached XP level 14. HP: 68/84 MP: 38/38
 30693 | Lair:8   | Found a staircase to the Slime Pits.
 30700 | Lair:8   | Reached skill level 16 in Spellcasting
 33504 | Lair:8   | Noticed faibistes' ghost (powerful DEWz)
 33565 | Lair:8   | Killed faibistes' ghost
 37414 | Lair:7   | Received a gift from Sif Muna
 37415 | Lair:7   | Identified Borgnjor's Almanac of Darkness (Sif Muna gifted it to you on level 7 of the Lair of Beasts)
 38185 | Lair:8   | Got a crude halberd
 38186 | Lair:8   | Identified the cursed -1 halberd of Hiutos {flame, rN+ MR++ Int-4} (You found it on level 8 of the Lair of Beasts)
 38195 | Lair:8   | Learned a level 5 spell: Bolt of Draining
 38274 | Lair:8   | Reached skill level 10 in Fire Magic
 38888 | Lair:8   | Reached skill level 10 in Conjurations
 39818 | Orc:1    | Entered Level 1 of the Orcish Mines
 40252 | Orc:3    | Noticed Erica
 40259 | Orc:3    | Killed Erica
 40435 | Orc:1    | Found a flagged portal.
 40884 | Orc:1    | Found a roughly hewn altar of Beogh.
 41872 | Orc:3    | Found Ihiak's Book Boutique.
 41900 | Orc:3    | Bought a book of Flames for 385 gold pieces
 41900 | Orc:3    | Bought a book of Geomancy for 385 gold pieces
 41906 | Orc:3    | Learned a level 5 spell: Fireball
 41912 | Orc:3    | Learned a level 5 spell: Lee's Rapid Deconstruction
 41917 | Orc:3    | Learned a level 4 spell: Petrify
 41922 | Orc:3    | Learned a level 4 spell: Sticky Flame
 41969 | Orc:4    | Entered Level 4 of the Orcish Mines
 41970 | Orc:4    | Reached XP level 15. HP: 90/90 MP: 40/40
 42952 | Orc:4    | Noticed Grum
 42959 | Orc:4    | Killed Grum
 42962 | Orc:4    | Reached skill level 10 in Invocations
 43117 | Orc:3    | Noticed Erolcha
 43120 | Orc:3    | Killed Erolcha
 43120 | Orc:3    | Reached skill level 1 in Transmutations
 43456 | Orc:4    | Found a staircase to the Elven Halls.
 43613 | Orc:4    | Reached skill level 1 in Earth Magic
 43719 | Orc:4    | Noticed Urug
 43733 | Orc:4    | Killed Urug
 44360 | Orc:4    | Noticed Blork the orc
 44519 | Orc:4    | Noticed an orc warlord
 44524 | Orc:4    | Killed an orc warlord
 44653 | Orc:4    | Found a roughly hewn altar of Beogh.
 44723 | Orc:4    | Killed Blork the orc
 44930 | Orc:4    | Reached skill level 17 in Spellcasting
 44986 | Orc:4    | Found Haha's Antique Armour Shop.
 45006 | Orc:4    | Found Klin's General Store.
 45029 | Orc:4    | Bought a scroll of identify for 30 gold pieces
 45029 | Orc:4    | Bought a scroll of identify for 30 gold pieces
 45029 | Orc:4    | Bought a potion of heal wounds for 75 gold pieces
 45046 | Orc:4    | Found Bluggiuc's Book Shop.
 45071 | Orc:4    | Bought a pair of embroidered gloves for 175 gold pieces
 45332 | Orc:4    | Found Epsappaa's Antique Weapon Shop.
 45639 | Elf:1    | Entered Level 1 of the Elven Halls
 46507 | Elf:1    | Received a gift from Sif Muna
 46510 | Elf:1    | Identified Sif Muna's Disquisition on Talismans (Sif Muna gifted it to you on level 1 of the Elven Halls)
 46637 | Elf:1    | Learned a level 5 spell: Iskenderun's Battlesphere
 46845 | Elf:1    | You fall through a shaft!
 47797 | Elf:1    | Reached skill level 5 in Earth Magic
 49394 | Elf:2    | Found a huge runed gate.
 49395 | Elf:2    | Found a huge runed gate.
 49396 | Elf:2    | Found a huge runed gate.
 49396 | Elf:2    | Found a huge runed gate.
 49397 | Elf:2    | Found a huge runed gate.
 49738 | Lair:2   | Learned a level 5 spell: Summon Forest
 49937 | D:4      | Bought a cloak for 94 gold pieces
 50464 | Elf:2    | Reached XP level 16. HP: 82/96 MP: 41/41
 50521 | Elf:2    | Received a gift from Sif Muna
 50930 | Elf:2    | HP: 1/96 [dire flail of protection (28)]
 53941 | D:11     | Noticed an unseen horror
 53950 | D:11     | Killed an unseen horror
 54598 | D:11     | Noticed an unseen horror
 54601 | D:11     | Killed an unseen horror
 55985 | D:12     | Found a shattered altar of Ashenzari.
 56693 | D:13     | Reached skill level 18 in Spellcasting
 57771 | D:13     | Found a gate to the Vaults.
 58027 | D:14     | Found a bloodstained altar of Trog.
 58469 | D:15     | Entered Level 15 of the Dungeon
 59899 | D:14     | Noticed Roxanne
 59904 | D:14     | Killed Roxanne
 60017 | D:14     | Identified Roxanne's Tome of Ashen Moulding (You took it off Roxanne on level 14 of the Dungeon)
 61008 | D:15     | Received a gift from Sif Muna
 61009 | D:15     | Identified Sif Muna's Guide on Fire and Blows and Bruises (Sif Muna gifted it to you on level 15 of the Dungeon)
 61345 | D:15     | Reached skill level 10 in Fighting
 62136 | D:15     | Found a staircase to the Depths.
 63321 | Elf:2    | Reached XP level 17. HP: 102/102 MP: 42/42
 64706 | Shoals:1 | Entered Level 1 of the Shoals
 65004 | Shoals:1 | Reached skill level 10 in Charms
 65043 | Shoals:1 | Reached skill level 19 in Spellcasting
 66448 | Shoals:1 | Received a gift from Sif Muna
 66449 | Shoals:1 | Identified Ruweterrem's Volume of the Mutagenic Blaze (Sif Muna gifted it to you on level 1 of the Shoals)
 66457 | Shoals:1 | Learned a level 6 spell: Bolt of Fire
 66540 | Lair:2   | Learned a level 5 spell: Ignite Poison
 66660 | Shoals:1 | Reached skill level 10 in Earth Magic
 67320 | Spider:1 | Entered Level 1 of the Spider Nest
 69818 | Spider:3 | Reached skill level 10 in Translocations
 70107 | Spider:2 | Gained mutation: Your muscles are strong. (Str +2) [potion of beneficial mutation]
 70544 | Spider:4 | Noticed Agnes
 70558 | Spider:3 | Killed Agnes
 71601 | Spider:5 | Entered Level 5 of the Spider Nest
 71847 | Spider:4 | Received a gift from Sif Muna
 71848 | Spider:4 | Identified Sif Muna's Incunabulum of Dislocation (Sif Muna gifted it to you on level 4 of the Spider Nest)
 71854 | Spider:4 | Learned a level 4 spell: Force Lance
 72505 | Spider:4 | Reached XP level 18. HP: 108/108 MP: 31/43
 73161 | Shoals:2 | Noticed faibistes' ghost (mighty DEWz)
 73183 | Shoals:2 | Killed faibistes' ghost
 73681 | Shoals:3 | Got a smoking helmet
 73692 | Shoals:3 | Identified the +0 helmet "Rukaaq" {rF- rN+ Int+4 Dex+4} (You found it on level 3 of the Shoals)
 73716 | Shoals:5 | Entered Level 5 of the Shoals
 74567 | Shoals:2 | Found Plaqat's Gadget Shop.
 75246 | Shoals:4 | Noticed Wiglaf
 75269 | Shoals:4 | Killed Wiglaf
 75561 | Shoals:3 | Reached skill level 20 in Spellcasting
 76938 | Shoals:4 | Found Freefad's Magic Scroll Boutique.
 77009 | Shoals:5 | Found Phara's Book Shop.
 77185 | Shoals:4 | Bought a scroll of blinking for 150 gold pieces
 77777 | Shoals:5 | Bought a book of the Sky for 1430 gold pieces
 78124 | Lair:2   | Learned a level 6 spell: Deflect Missiles
 78134 | Lair:2   | Learned a level 7 spell: Ring of Flames
 78599 | Spider:5 | Received a gift from Sif Muna
 79090 | Spider:5 | Noticed Arachne
 79154 | Spider:5 | Killed Arachne
 80766 | Spider:5 | Got a gossamer rune of Zot
 81624 | Shoals:5 | Received a gift from Sif Muna
 81625 | Shoals:5 | Identified Sif Muna's Collected Works on Transmigration and Stones (Sif Muna gifted it to you on level 5 of the Shoals)
 81729 | Shoals:5 | Reached XP level 19. HP: 114/114 MP: 23/44
 81802 | Shoals:5 | Noticed Ilsuiw
 82037 | Shoals:5 | Killed Ilsuiw
 82618 | Shoals:5 | Identified the Handbook of Moulding and Evil Magic
 82965 | Shoals:5 | Your ally Ilsuiw died
 83184 | Shoals:5 | Got a barnacled rune of Zot
 83799 | Vaults:1 | Entered Level 1 of the Vaults
 84897 | Vaults:1 | Received a gift from Sif Muna
 86501 | Vaults:1 | Reached skill level 21 in Spellcasting
 88734 | Vaults:2 | Received a gift from Sif Muna
 88741 | Vaults:2 | Identified Sif Muna's Papyrus of Protection (Sif Muna gifted it to you on level 2 of the Vaults)
 89659 | Vaults:2 | Found Smol Umo's General Store.
 89662 | Vaults:2 | Bought a potion of curing for 51 gold pieces
 89851 | Vaults:2 | Reached XP level 20. HP: 120/120 MP: 33/45
 91089 | Vaults:2 | Noticed a lich
 91092 | Vaults:2 | Killed a lich
 91820 | Lair:2   | Learned a level 7 spell: Controlled Blink
 92055 | Vaults:3 | Received a gift from Sif Muna
 92058 | Vaults:3 | Identified Sif Muna's Collected Works on the Damaging Rocks (Sif Muna gifted it to you on level 3 of the Vaults)
 92606 | Lair:2   | Learned a level 6 spell: Iron Shot
 95122 | Vaults:4 | Reached skill level 15 in Conjurations
 95208 | Vaults:3 | Found a staircase to the Crypt.
 95487 | Vaults:3 | Received a gift from Sif Muna
 95749 | Vaults:4 | Reached skill level 22 in Spellcasting
 96297 | Vaults:4 | Reached skill level 15 in Earth Magic
 96700 | Vaults:4 | Reached XP level 21. HP: 127/127 MP: 21/46
 97011 | Vaults:5 | Entered Level 5 of the Vaults
 97032 | Vaults:4 | Reached skill level 15 in Fire Magic
 98350 | Vaults:4 | Received a gift from Sif Muna
 98360 | Vaults:4 | Identified Sif Muna's Handbook of Companions and Stolen Souls (Sif Muna gifted it to you on level 4 of the Vaults)
 99528 | Depths:1 | Entered Level 1 of the Depths
101559 | Depths:2 | Received a gift from Sif Muna
101562 | Depths:2 | Identified Sif Muna's Volume of Boosts (Sif Muna gifted it to you on level 2 of the Depths)
102967 | Depths:1 | Reached XP level 22. HP: 133/133 MP: 38/47
102970 | Depths:1 | Reached skill level 23 in Spellcasting
103096 | Depths:1 | Found a gateway to Hell.
103326 | Depths:1 | Got a creamy pearl robe
103337 | Depths:1 | Identified the cursed -3 robe of Cowardice {rPois rN+ MR- Int+4 Dex+4} (You took it off a tengu conjurer on level 1 of the Depths)
103572 | Lair:2   | Learned a level 6 spell: Haste
104546 | Depths:2 | Identified a scroll of acquirement
105017 | Depths:2 | Found a glowing golden altar of the Shining One.
105048 | Depths:2 | Received a gift from Sif Muna
105049 | Depths:2 | Identified Tesiofo's Reference Book on Self-Knowledge and Displacement (Sif Muna gifted it to you on level 2 of the Depths)
105169 | Depths:2 | Found a one-way gate to the infinite horrors of the Abyss.
105790 | Depths:3 | Found a one-way gate leading to the halls of Pandemonium.
106913 | Depths:3 | Found a runed door.
108278 | Depths:5 | Entered Level 5 of the Depths
109124 | D:10     | Noticed a hill giant
109128 | D:10     | Killed a hill giant
109551 | Depths:3 | Received a gift from Sif Muna
109552 | Depths:3 | Identified Sif Muna's Catalogue of Gliding Battle Magic (Sif Muna gifted it to you on level 3 of the Depths)
110589 | Depths:4 | Noticed the Enchantress
111036 | Depths:4 | Killed the Enchantress
111075 | Depths:4 | Got a faerie dragon armour
111086 | Depths:4 | Identified the +5 faerie dragon armour {rElec rC+ SInv} (You took it off the Enchantress on level 4 of the Depths)
111412 | Depths:4 | Reached XP level 23. HP: 139/139 MP: 42/48
112240 | Depths:5 | Reached skill level 24 in Spellcasting
112390 | Depths:4 | Your ally Enchantress died
112428 | Depths:4 | Received a gift from Sif Muna
113041 | Lair:2   | Learned a level 9 spell: Fire Storm
113256 | Depths:5 | Found a gateway to a ziggurat.
114216 | Depths:5 | Found a gate to the Realm of Zot.
114983 | Elf:3    | Entered Level 3 of the Elven Halls
116175 | Elf:3    | Received a gift from Sif Muna
116176 | Elf:3    | Identified Sif Muna's Collected Works on Conjuration (Sif Muna gifted it to you on level 3 of the Elven Halls)
118113 | Elf:3    | Reached XP level 24. HP: 124/145 MP: 42/49
118409 | Elf:3    | Got an ichor-stained hand axe
118410 | Elf:3    | Identified the +6 hand axe "Sorcha" {chop, rPois rC+ MR+ Dex-2} (You took it off a deep elf sorcerer on level 3 of the Elven Halls)
118472 | Elf:3    | Received a gift from Sif Muna
118490 | Elf:3    | Identified a +1 pair of boots of running (You found it on level 3 of the Elven Halls)
118929 | Lair:2   | Learned a level 9 spell: Shatter
118937 | Lair:2   | Learned a level 6 spell: Dispersal
119202 | Vaults:5 | Noticed an ancient lich
119205 | Vaults:5 | Noticed faibistes' ghost (awesomely powerful DEWz)
119207 | Vaults:5 | Killed an ancient lich
119519 | Vaults:5 | Reached skill level 25 in Spellcasting
119521 | Vaults:5 | Received a gift from Sif Muna
120479 | Vaults:5 | Received a gift from Sif Muna
120919 | Vaults:5 | Killed faibistes' ghost
121136 | Vaults:5 | Gained mutation: Your magical capacity is low (-10% MP). [a shining eye]
121137 | Vaults:5 | Reached XP level 25. HP: 129/152 MP: 28/45
121321 | Vaults:5 | Received a gift from Sif Muna
121451 | Vaults:5 | Identified Sif Muna's Papyrus of Combat Magic and Stolen Souls (Sif Muna gifted it to you on level 5 of the Vaults)
121465 | Vaults:5 | Identified Sif Muna's Guide on Combat Magic (Sif Muna gifted it to you on level 5 of the Vaults)
121473 | Vaults:5 | Identified Sif Muna's Incunabulum of Flying Conjuration (Sif Muna gifted it to you on level 5 of the Vaults)
121485 | Vaults:5 | Learned a level 8 spell: Lehudib's Crystal Spear
121840 | Vaults:5 | Got an uncursed ivory flail {flame}
121841 | Vaults:5 | Identified the +8 flail of Byhiofrociu {flame, Noisy +Rage Str+5 Int-3 SInv} (You took it off a yaktaur captain on level 5 of the Vaults)
122168 | Vaults:5 | Got a wavering ivory ring
122173 | Vaults:5 | Identified the ring "Ifajikk" {Int+4 Stlth-} (You took it off a vault warden on level 5 of the Vaults)
122192 | Vaults:5 | Got a warped scimitar
122193 | Vaults:5 | Identified the +4 scimitar "Cuune" {holy, rF+ Int+4} (You found it on level 5 of the Vaults)
122758 | Vaults:5 | Got a coiled copper ring
122760 | Vaults:5 | Identified the ring "Niaqix" {rPois rF+ Str+3 Dex-5 Stlth+} (You took it off an ironbrand convoker on level 5 of the Vaults)
122764 | Vaults:5 | Got a fine great sword
122765 | Vaults:5 | Identified the +4 great sword "Gresubatz" {holy, +Rage rElec Int-5 Dex+2} (You took it off an ironbrand convoker on level 5 of the Vaults)
122791 | Vaults:5 | Got a silver rune of Zot
122817 | Vaults:5 | Got a jewelled scimitar
122818 | Vaults:5 | Identified the cursed -2 scimitar of Topomewe {drain, rPois rF- Dex+3} (You found it on level 5 of the Vaults)
123548 | Lair:2   | Learned a level 6 spell: Freezing Cloud
123761 | Zot:1    | Entered Level 1 of the Realm of Zot
123768 | Zot:1    | Reached skill level 1 in Ice Magic
124171 | Zot:1    | Got a bloodstained robe
124182 | Zot:1    | Identified the +2 robe of Unambiguity {MR+ Str+7} (You found it on level 1 of the Realm of Zot)
124398 | Zot:1    | Reached skill level 26 in Spellcasting
124687 | Zot:1    | Received a gift from Sif Muna
125091 | Zot:1    | Found a sacrificial altar of Ru.
126403 | Zot:2    | Received a gift from Sif Muna
126404 | Zot:2    | Identified Shraec's Grimoire of Unholy Secrets (Sif Muna gifted it to you on level 2 of the Realm of Zot)
126428 | Zot:2    | Reached skill level 5 in Ice Magic
126772 | Hell     | Entered the Vestibule of Hell
126772 | Hell     | Noticed Geryon
128023 | Hell     | Killed Geryon
128629 | Hell     | Reached XP level 26. HP: 159/159 MP: 20/45
128950 | Hell     | Received a gift from Sif Muna
129107 | Hell     | Identified Sif Muna's Almanac of Summoning (Sif Muna gifted it to you in the Vestibule of Hell)
129256 | Hell     | Found a gateway to the decaying netherworld of Tartarus.
129446 | Hell     | Found a gateway to the ashen valley of Gehenna.
129636 | Hell     | Found a gateway to the Iron City of Dis.
129648 | Hell     | Found a gateway to the freezing wastes of Cocytus.
131817 | Zot:4    | Received a gift from Sif Muna
131819 | Zot:4    | Identified Sif Muna's Incunabulum of Calling (Sif Muna gifted it to you on level 4 of the Realm of Zot)
132044 | Zot:4    | Noticed an orb of fire
132046 | Zot:4    | Gained mutation: Your magical capacity is very low (-20% MP). [an orb of fire]
132048 | Zot:4    | Killed an orb of fire
132847 | Zot:4    | Received a gift from Sif Muna
132899 | Zot:3    | Reached skill level 27 in Spellcasting
133065 | Zot:3    | Lost mutation: Your magical capacity is very low (-20% MP). [potion of cure mutation]
133065 | Zot:3    | Lost mutation: Your magical capacity is low (-10% MP). [potion of cure mutation]
133065 | Zot:3    | Lost mutation: Your muscles are strong. (Str +2) [potion of cure mutation]
133080 | Zot:4    | Identified Sif Muna's Catalogue of Snow and Battle Magic (Sif Muna gifted it to you on level 4 of the Realm of Zot)
133212 | Zot:4    | Noticed an ancient lich
133217 | Zot:4    | Killed an ancient lich
133320 | Zot:4    | Noticed an ancient lich
133325 | Zot:4    | Killed an ancient lich
133551 | Zot:5    | Entered Level 5 of the Realm of Zot
134174 | Zot:2    | Received a gift from Sif Muna
134175 | Zot:2    | Identified Sif Muna's Catalogue of Transmutation and Air (Sif Muna gifted it to you on level 2 of the Realm of Zot)
134569 | Orc:4    | Bought a scroll of amnesia for 52 gold pieces
134716 | Lair:2   | Learned a level 1 spell: Animate Skeleton
135149 | Zot:3    | Reached skill level 10 in Ice Magic
135149 | Zot:3    | Reached XP level 27. HP: 164/164 MP: 36/50
136121 | Zot:3    | Reached skill level 5 in Necromancy
137412 | Zot:4    | Received a gift from Sif Muna
137413 | Zot:4    | Identified Paeggienk's Grimoire of Evil Secrets and Hexes (Sif Muna gifted it to you on level 4 of the Realm of Zot)
138073 | Hell     | Learned a level 9 spell: Glaciate
138513 | Zot:5    | Reached skill level 15 in Fighting
138649 | Zot:5    | Noticed an orb of fire
139281 | Zot:5    | Noticed an orb of fire
139283 | Zot:5    | Gained mutation: Scrolls take you a little longer to read. [an orb of fire]
139779 | Zot:4    | Lost mutation: Scrolls take you a little longer to read. [potion of cure mutation]
139809 | Zot:5    | Gained mutation: Scrolls take you a little longer to read. [an orb of fire]
139810 | Zot:5    | HP: 5/165 [golden dragon/bolt of cold (45)]
140376 | Zot:5    | Killed an orb of fire
140376 | Zot:5    | Received a gift from Sif Muna
140377 | Zot:5    | Identified Xuzeduan's Grimoire of the Entourage and the Oath (Sif Muna gifted it to you on level 5 of the Realm of Zot)
140637 | Zot:5    | Noticed an orb of fire
140841 | Zot:5    | Killed an orb of fire
140958 | Zot:5    | Noticed an orb of fire
140958 | Zot:5    | Gained mutation: Your spells are a little easier to cast, but a little less powerful. [an orb of fire]
140961 | Zot:5    | Killed an orb of fire
141001 | Zot:5    | Noticed an orb of fire
141003 | Zot:5    | Killed an orb of fire
141336 | Zot:5    | Noticed an orb of fire
141341 | Zot:5    | Noticed an ancient lich
141819 | Zot:4    | Gained mutation: Your body is slowly deteriorating. [an orb of fire]
141820 | Zot:4    | Killed an orb of fire
142208 | Zot:5    | Killed an ancient lich
142208 | Zot:5    | Received a gift from Sif Muna
142208 | Zot:5    | Killed an ancient lich
142544 | Zot:5    | Noticed an orb of fire
142546 | Zot:5    | Noticed an orb of fire
142551 | Zot:5    | Gained mutation: Armour fits poorly on your strangely shaped body. [an orb of fire]
142557 | Zot:5    | Killed an orb of fire
142576 | Zot:5    | Killed an orb of fire
142877 | Zot:4    | Lost mutation: Scrolls take you a little longer to read. [potion of cure mutation]
142877 | Zot:4    | Lost mutation: Your body is slowly deteriorating. [potion of cure mutation]
142877 | Zot:4    | Lost mutation: Your spells are a little easier to cast, but a little less powerful. [potion of cure mutation]
143035 | Zot:5    | Noticed an orb of fire
143040 | Zot:5    | Killed an orb of fire
143295 | Zot:5    | Received a gift from Sif Muna
144184 | Zot:5    | Noticed an orb of fire
144186 | Zot:5    | Killed from afar by an orb of fire

Action                   |  1- 3 |  4- 6 |  7- 9 | 10-12 | 13-15 | 16-18 | 19-21 | 22-24 | 25-27 || total
-------------------------+-------+-------+-------+-------+-------+-------+-------+-------+-------++-------
Melee: Club              |     2 |       |       |       |       |       |       |       |       ||     2
       Dagger            |     1 |    17 |       |       |   131 |   137 |       |       |       ||   286
       Short sword       |       |       |   117 |   360 |   741 |       |       |       |       ||  1218
       Staff             |       |       |       |       |       |     7 |    17 |     1 |    21 ||    46
 Cast: Magic Dart        |    95 |    87 |   278 |   595 |   627 |    80 |     5 |       |       ||  1767
       Call Imp          |     2 |     2 |       |    26 |    47 |       |       |       |       ||    77
       Mephitic Cloud    |     3 |    11 |    26 |    88 |   105 |     5 |       |       |       ||   238
       Blink             |       |     3 |    11 |    44 |    82 |    73 |     5 |       |       ||   218
       Repel Missiles    |       |     2 |     2 |     2 |     1 |     6 |       |       |       ||    13
       Conjure Flame     |       |     6 |    36 |   104 |   154 |    10 |       |       |       ||   310
       Animate Dead      |       |       |       |    30 |    82 |   139 |   141 |    68 |       ||   460
       Bolt of Draining  |       |       |       |       |   194 |    41 |       |       |       ||   235
       Fireball          |       |       |       |       |   158 |   320 |   140 |    64 |       ||   682
       Lee's Rapid Decon |       |       |       |       |    22 |   112 |   190 |    77 |       ||   401
       Sticky Flame      |       |       |       |       |    21 |    86 |       |       |       ||   107
       Iskenderun's Batt |       |       |       |       |     6 |    43 |     9 |     2 |       ||    60
       Summon Forest     |       |       |       |       |     2 |    10 |       |       |       ||    12
       Ignite Poison     |       |       |       |       |       |   201 |     6 |       |       ||   207
       Bolt of Fire      |       |       |       |       |       |   190 |   388 |   263 |   237 ||  1078
       Force Lance       |       |       |       |       |       |    25 |    36 |    20 |    24 ||   105
       Deflect Missiles  |       |       |       |       |       |     1 |     7 |     3 |     5 ||    16
       Ring of Flames    |       |       |       |       |       |       |     8 |    12 |    14 ||    34
       Controlled Blink  |       |       |       |       |       |       |     6 |     8 |    16 ||    30
       Iron Shot         |       |       |       |       |       |       |    24 |    33 |       ||    57
       Haste             |       |       |       |       |       |       |       |    10 |    12 ||    22
       Fire Storm        |       |       |       |       |       |       |       |    54 |   134 ||   188
       Shatter           |       |       |       |       |       |       |       |    28 |    38 ||    66
       Dispersal         |       |       |       |       |       |       |       |     1 |       ||     1
       Lehudib's Crystal |       |       |       |       |       |       |       |       |   148 ||   148
       Freezing Cloud    |       |       |       |       |       |       |       |       |    20 ||    20
       Glaciate          |       |       |       |       |       |       |       |       |    18 ||    18
       Animate Skeleton  |       |       |       |       |       |       |       |       |     3 ||     3
Invok: Channel Energy    |       |       |       |    12 |    33 |   137 |   235 |   164 |   285 ||   866
       Forget Spell      |       |       |       |       |       |       |       |     3 |     2 ||     5
Evoke: Wand              |       |       |     1 |    17 |    18 |     5 |     3 |     2 |     5 ||    51
  Use: Scroll            |       |     4 |    20 |     8 |    17 |    18 |     8 |    22 |    10 ||   107
       Potion            |       |       |     1 |     4 |    12 |     9 |     2 |     3 |     8 ||    39
 Stab: Confused          |     1 |     2 |     8 |    17 |    26 |       |       |       |       ||    54
       Sleeping          |       |     1 |     2 |     1 |     1 |       |       |       |       ||     5
       Distracted        |       |       |     1 |       |     8 |       |       |       |       ||     9
       Fleeing           |       |       |       |       |     1 |       |       |       |       ||     1
  Eat: Chunk             |     2 |     5 |    19 |    28 |    51 |    99 |    72 |    60 |    88 ||   424
       Fruit             |       |       |       |     6 |    12 |     3 |     4 |     3 |       ||    28
       Bread ration      |       |       |       |     1 |     1 |     1 |     3 |     5 |     6 ||    17
       Beef jerky        |       |       |       |       |     7 |     5 |     3 |     2 |     3 ||    20
       Royal jelly       |       |       |       |       |     7 |     7 |       |       |       ||    14
       Pizza             |       |       |       |       |     5 |     1 |     6 |     3 |     1 ||    16
